 Dungeon Sprint DCSS version 0.31-a0-851-g7ff8af7976 (webtiles) character file.

Game seed: 942562402027660138

9330 AiryTheDragon the Brawler (level 11, 0/88 HPs)
             Began as a Yellow Draconian Shapeshifter on Oct 8, 2023.
             Was the Champion of Vehumet.
             Slain by a 12-headed hydra (4 damage)
             ... while paralysed by a floating eye
             ... in the Dungeon (Sprint I: "Red Sonja").
             The game lasted 00:49:58 (1684 turns).

AiryTheDragon the Brawler (DrSh)                    Turns: 1684, Time: 00:49:58

Health: 0/88       AC: 14    Str: 22    XL:     11   Next: 21%
Magic:  16/19      EV:  2    Int: 11    God:    Vehumet [******]
Gold:   178        SH:  0    Dex: 15    Spells: 3/21 levels left

rFire   . . .        j - melded +0 club
rCold   . . .        (shield currently unavailable)
rNeg    . . .        (body armour unavailable)
rPois   +            (helmet restricted)
rElec   .            l - +1 cloak {rPois}
rCorr   +            p - +1 pair of gloves {infuse}
SInv    .            q - +2 pair of boots {rampage}
Will    .....        (no amulet)
Stlth   +            s - +6 ring of strength
HPRegen 0.34/turn    (no ring)
MPRegen 0.16/turn

%: no teleportation, rampage, infuse magic (1 MP)
@: paralysed, flux-form, glowing
A: glow, contaminating, spit acid, AC +7, unfitting armour, cold-blooded, acid
resistance
a: Breathe Acid, Begin Untransformation, Renounce Religion


You were in the Dungeon.
You worshipped Vehumet.
Vehumet was exalted by your worship.
You were something dangerously unstable.
You visited 1 branch You collected 1395 gold pieces.
You spent 1217 gold pieces at shops.

Inventory:

Hand Weapons
 f - a +0 scythe
 j - a +0 club (melded)
Missiles
 k - 25 stones
 r - 6 datura-tipped darts
Armour
 h - a +0 troll leather armour
 l - a +1 cloak of poison resistance (worn)
 o - +1 fire dragon scales
 p - a +1 pair of gloves of infusion (worn)
 q - a +2 pair of boots of rampaging (worn)
Jewellery
 s - a +6 ring of strength (left hand)
Talismans
 b - a beast talisman
 c - a flux talisman (active)
Scrolls
 i - a scroll of blinking
 u - a scroll of amnesia
Potions
 a - a potion of lignification
 d - a potion of curing
 g - 2 potions of magic
 m - a potion of enlightenment
 n - a potion of cancellation
 t - a potion of heal wounds


   Skills:
 + Level 5.2 Fighting
 + Level 7.4 Dodging
 + Level 2.4 Stealth
 + Level 16.5 Unarmed Combat
 + Level 5.9 Spellcasting
 * Level 6.1 Hexes
 * Level 6.6 Summonings
 * Level 6.6 Fire Magic
 + Level 5.8 Earth Magic
 + Level 4.4 Evocations
 + Level 13.1 Shapeshifting


You had 3 spell levels left.
You knew the following spells:

 Your Spells              Type           Power      Damage    Failure   Level
a - Sandblast             Erth           32%        2d9       1%          1
b - Scorch                Fire           34%        2d6       1%          2
c - Leda's Liquefaction   Hex/Erth       8%         N/A       17%         4
d - Lee's Rapid Deconstr  Erth           8%         3d7*      13%         5
e - Summon Guardian Gole  Hex/Summ       17%        N/A       4%          3
f - Hailstorm             Conj/Ice       3%         3d3       16%         3

Your spell library contained the following spells:

 Spells                   Type           Power      Damage    Failure   Level
 Fireball                 Conj/Fire      5%         3d5       32%         5
 Bombard                  Conj/Erth      4%         9d2       89%         6
 Orb of Destruction       Conj           1%         9d5       100%        7
 Spellforged Servitor     Conj/Summ      5%         N/A       100%        7


Dungeon Overview and Level Annotations

Branches:
Dungeon (1/1)

Altars:
Cheibriados
Dithmenos
Elyvilon
Fedhas
Gozag
Hepliaklqana
Kikubaaqudgha
Makhleb
Nemelex Xobeh
Okawaru
Qazlal
Ru
Sif Muna
Trog
Uskayaw
Vehumet
Wu Jian
Xom
Yredelemnul
Zin
The Shining One
Jiyva
Lugonu

Shops:
D (([*[([*(!((=*[=


Innate Abilities, Weirdness & Mutations

You are something dangerously unstable.
You glow with magical radiation, making you easy to see and hit.
Foes you strike become dangerously contaminated with magical radiation.
You are incapable of wielding weapons or throwing items.
You can spit globs of acid.
Your golden yellow scales are hard. (AC +7)
You cannot fit into any form of body armour.
You are cold-blooded and may be slowed by cold attacks.
You are resistant to acid. (rCorr)


Message History

You rampage towards the 12-headed hydra!
The helpless 12-headed hydra fails to defend itself.
You punch the 12-headed hydra!
The 12-headed hydra begins to glow.
The 12-headed hydra is moderately wounded.
The 12-headed hydra completely misses you.
The 12-headed hydra bites you. The 12-headed hydra misses you.
The 12-headed hydra bites you! The 12-headed hydra bites you.
The 12-headed hydra closely misses you.
The 12-headed hydra bites you but does no damage.
The 12-headed hydra bites you.
The 12-headed hydra bites you but does no damage.
The 12-headed hydra bites you!
The 12-headed hydra bites you but does no damage.
The 12-headed hydra barely misses you.
The floating eye's stare focuses on you.
The floating eye gazes piercingly through you!
You suddenly lose the ability to move!
The 12-headed hydra bites you but does no damage. x2
The 12-headed hydra bites you.
The 12-headed hydra bites you but does no damage. x2
The 12-headed hydra bites you. x4
The 12-headed hydra completely misses you.
The 12-headed hydra bites you but does no damage.
The 12-headed hydra bites you. The floating eye's view fixates on you.
The 12-headed hydra bites you but does no damage. x2
The 12-headed hydra bites you!
* * * LOW HITPOINT WARNING * * *
The 12-headed hydra bites you!
* * * LOW HITPOINT WARNING * * *
The 12-headed hydra bites you.
* * * LOW HITPOINT WARNING * * *
The 12-headed hydra bites you.
* * * LOW HITPOINT WARNING * * *
The 12-headed hydra bites you but does no damage.
The 12-headed hydra bites you.
* * * LOW HITPOINT WARNING * * *
The 12-headed hydra bites you but does no damage.
The 12-headed hydra bites you.
You die...

#####################
..#..#§..§†§§§§9pDG$#
)§##'#.####.§.§§##$.+
.§'..#§# ##..§## ###
###..'.# ###+#
.##+#### §# .# '###
.'.#


You could see a 12-headed hydra (contam, ally target), a floating eye (charged)
and a friendly guardian golem (summoned).

Vanquished Creatures
  2 centaur warriors (D)
  2 demonic crawlers (D)
  A deep troll (D)
  A lindwurm (D)
  An oklob plant (D)
  2 unseen horrors (D)
  2 kobold demonologists (D)
  A hornet (D)
  A slime creature (D)
  Sigmund (D)
  A yak (D)
  13 hogs (D)
  2 redbacks (D)
  2 floating eyes (D)
  An ogre (D)
  7 necrophages (D)
  8 jellies (D)
  Ijyb (D)
49 creatures vanquished.

Vanquished Creatures (others)
  2 demonic crawlers (D)
2 creatures vanquished.

Grand Total: 51 creatures vanquished

Notes
Turn   | Place    | Note
-------+----------+-------------------------------------------
     0 | D        | AiryTheDragon the Draconian Shapeshifter began the quest
                  | for the Orb.
     0 | D        | Reached XP level 1. HP: 16/16 MP: 1/1
     2 | D        | Noticed Ijyb
    11 | D        | Killed Ijyb
    12 | D        | Reached skill level 4 in Unarmed Combat
    12 | D        | Reached XP level 2. HP: 17/23 MP: 2/2
    56 | D        | Noticed an ogre
    63 | D        | Killed an ogre
    64 | D        | Reached skill level 6 in Unarmed Combat
    64 | D        | Reached skill level 1 in Evocations
    64 | D        | Reached XP level 3. HP: 28/28 MP: 3/3
    64 | D        | Reached XP level 4. HP: 35/35 MP: 4/4
    81 | D        | Noticed Sigmund
    87 | D        | Killed Sigmund
    88 | D        | Reached skill level 8 in Unarmed Combat
    88 | D        | Reached XP level 5. HP: 29/41 MP: 5/5
   101 | D        | Found a burning altar of Makhleb.
   101 | D        | Found a viscous altar of Jiyva.
   101 | D        | Found a shimmering altar of Xom.
   101 | D        | Found a corrupted altar of Lugonu.
   101 | D        | Noticed a slime creature
   109 | D        | Killed a slime creature
   110 | D        | Reached skill level 9 in Unarmed Combat
   110 | D        | Reached XP level 6. HP: 32/48 MP: 6/6
   112 | D        | Found an ornate altar of the Wu Jian Council.
   112 | D        | Found a shimmering blue altar of Sif Muna.
   114 | D        | Found a radiant altar of Vehumet.
   126 | D        | Became a worshipper of Vehumet
   204 | D        | Found Zoaroed's Weapon Emporium.
   204 | D        | Found an ancient bone altar of Kikubaaqudgha.
   204 | D        | Found a hazy altar of Hepliaklqana.
   204 | D        | Found a hide-covered altar of Uskayaw.
   204 | D        | Found a basalt altar of Yredelemnul.
   204 | D        | Found an opulent altar of Gozag.
   204 | D        | Found a snail-covered altar of Cheibriados.
   204 | D        | Found a sacrificial altar of Ru.
   204 | D        | Found a shadowy altar of Dithmenos.
   204 | D        | Noticed a yak
   214 | D        | Killed a yak
   215 | D        | Reached skill level 10 in Unarmed Combat
   215 | D        | Reached skill level 10 in Shapeshifting
   215 | D        | Your scales start taking on a golden yellow colour.
   215 | D        | Reached XP level 7. HP: 42/56 MP: 7/7
   215 | D        | Gained mutation: You are resistant to acid. (rCorr) [Yellow
                  | Draconian growth]
   215 | D        | Found a stormy altar of Qazlal.
   215 | D        | Found a blossoming altar of Fedhas.
   215 | D        | Found a bloodstained altar of Trog.
   215 | D        | Found an iron altar of Okawaru.
   215 | D        | Found a glowing golden altar of the Shining One.
   215 | D        | Found a glowing silver altar of Zin.
   215 | D        | Found a white marble altar of Elyvilon.
   216 | D        | Found a sparkling altar of Nemelex Xobeh.
   268 | D        | Noticed a kobold demonologist
   269 | D        | Noticed a kobold demonologist
   270 | D        | Noticed a soul eater
   273 | D        | Killed a kobold demonologist
   274 | D        | Reached skill level 11 in Unarmed Combat
   276 | D        | Noticed an ice devil
   277 | D        | Paralysed by a floating eye for 4 turns
   287 | D        | Reached * piety under Vehumet
   287 | D        | Offered knowledge of Sandblast by Vehumet.
   288 | D        | Noticed a sixfirhy
   289 | D        | Killed a kobold demonologist
   290 | D        | Reached skill level 5 in Dodging
   290 | D        | Reached skill level 12 in Unarmed Combat
   290 | D        | Reached XP level 8. HP: 43/63 MP: 8/8
   360 | D        | Learned a level 1 spell: Sandblast
   368 | D        | Noticed a centaur warrior
   369 | D        | Noticed a centaur warrior
   374 | D        | Killed a centaur warrior
   375 | D        | Reached skill level 13 in Unarmed Combat
   383 | D        | Killed a centaur warrior
   383 | D        | Reached ** piety under Vehumet
   383 | D        | Offered knowledge of Scorch by Vehumet.
   384 | D        | Reached XP level 9. HP: 35/71 MP: 8/15
   387 | D        | Learned a level 2 spell: Scorch
   399 | D        | Learned a level 4 spell: Leda's Liquefaction
   405 | D        | Learned a level 5 spell: Lee's Rapid Deconstruction
   501 | D        | Paralysed by a hornet for 1 turns
   504 | D        | Reached skill level 1 in Fire Magic
   578 | D        | Noticed a deep troll
   586 | D        | Killed a deep troll
   587 | D        | Reached skill level 1 in Stealth
   587 | D        | Reached skill level 14 in Unarmed Combat
   587 | D        | Reached skill level 5 in Earth Magic
   706 | D        | Found Fumol's Armour Emporium.
   712 | D        | Bought a +1 cloak of poison resistance for 162 gold pieces
   722 | D        | Learned a level 3 spell: Summon Guardian Golem
   734 | D        | Noticed an oklob plant
   740 | D        | Killed an oklob plant
   740 | D        | Offered knowledge of Stone Arrow by Vehumet.
   741 | D        | Reached skill level 1 in Hexes
   741 | D        | Reached skill level 1 in Summonings
   747 | D        | Reached *** piety under Vehumet
   796 | D        | Noticed an unseen horror
   800 | D        | Killed an unseen horror
   801 | D        | Reached XP level 10. HP: 67/80 MP: 13/16
   917 | D        | Reached **** piety under Vehumet
   918 | D        | Reached skill level 15 in Unarmed Combat
   928 | D        | Reached ***** piety under Vehumet
   931 | D        | Offered knowledge of Hailstorm by Vehumet.
  1025 | D        | Learned a level 3 spell: Hailstorm
  1078 | D        | Found Ynul's Jewellery Boutique.
  1078 | D        | Found Raeshryt's Jewellery Emporium.
  1078 | D        | Found Suetzic's Assorted Antiques.
  1080 | D        | Found Ychet's Weapon Boutique.
  1080 | D        | Found Iwilul's Weapon Shoppe.
  1080 | D        | Found Geluewni's Distillery.
  1080 | D        | Found Tohuoj's Antique Weapon Emporium.
  1080 | D        | Found Vuicumuege's General Store.
  1080 | D        | Found Hyumegon's Armour Shoppe.
  1080 | D        | Found Toelis's Antique Weapon Shop.
  1083 | D        | Found Hocluz's Armour Emporium.
  1084 | D        | Found Gegawera's General Store.
  1084 | D        | Found Acvej's Antique Armour Shoppe.
  1085 | D        | Found Qoepeew's Antique Weapon Shop.
  1103 | D        | Bought a +1 pair of gloves of infusion for 214 gold pieces
  1110 | D        | Bought a +2 pair of boots of rampaging for 215 gold pieces
  1118 | D        | Bought a scroll of identify for 26 gold pieces
  1123 | D        | Bought 6 datura-tipped darts for 54 gold pieces
  1128 | D        | Bought a +6 ring of strength for 432 gold pieces
  1132 | D        | Bought a potion of heal wounds for 95 gold pieces
  1140 | D        | Bought a scroll labelled KAKLIU YZYHYA for 19 gold pieces
  1191 | D        | Noticed a demonic crawler
  1191 | D        | Noticed a demonic crawler
  1191 | D        | Noticed a demonic crawler
  1191 | D        | Noticed a demonic crawler
  1197 | D        | Killed a demonic crawler
  1197 | D        | Offered knowledge of Frozen Ramparts by Vehumet.
  1198 | D        | Reached skill level 5 in Fighting
  1204 | D        | Killed a demonic crawler
  1204 | D        | Reached ****** piety under Vehumet
  1205 | D        | Reached skill level 5 in Spellcasting
  1207 | D        | Killed a demonic crawler
  1208 | D        | Reached skill level 5 in Summonings
  1208 | D        | Reached skill level 5 in Fire Magic
  1211 | D        | Killed a demonic crawler
  1212 | D        | Reached skill level 5 in Hexes
  1426 | D        | Noticed a lindwurm
  1431 | D        | Killed a lindwurm
  1431 | D        | Offered knowledge of Flame Wave by Vehumet.
  1432 | D        | Reached skill level 16 in Unarmed Combat
  1529 | D        | Reached XP level 11. HP: 86/86 MP: 12/19
  1564 | D        | Offered knowledge of Fireball by Vehumet.
  1680 | D        | Noticed a 12-headed hydra
  1682 | D        | Paralysed by a floating eye for 3 turns
  1684 | D        | HP: 4/88 [12-headed hydra (3)]
  1684 | D        | Slain by a 12-headed hydra

Illustrated notes

Levels and vault maps discovered:
D:        dungeon_sprint_1 [red_sonja_temple_1, red_sonja_temple_small_1]

Skill      XL: |  1  2  3  4  5  6  7  8  9 10 11 |
---------------+----------------------------------+-----
Dodging        | 2 3 4 5 6 7 |  7.4
Unarmed Combat | 4 6 8 9 10 12 13 14 16 | 16.5
Shapeshifting  | 4 6 8 9 10 11 12 13 | 13.1
Evocations     | 1 2 3 4 |  4.4
Fighting       | 2 3 4 5 |  5.2
Spellcasting   | 4 5 |  5.9
Earth Magic    | 4 5 |  5.8
Fire Magic     | 2 5 6 |  6.6
Stealth        | 1 2 |  2.4
Hexes          | 2 5 6 |  6.1
Summonings     | 2 5 6 |  6.6

Action                     |  1- 3 |  4- 6 |  7- 9 | 10-12 || total
---------------------------+-------+-------+-------+-------++-------
  Melee: Unarmed           |     7 |    23 |    54 |   117 ||   201
         Tailslap          |     1 |     7 |     9 |    22 ||    39
   Cast: Sandblast         |       |       |     1 |       ||     1
         Summon Guardian G |       |       |     1 |     7 ||     8
         Lee's Rapid Decon |       |       |       |     3 ||     3
         Scorch            |       |       |       |     3 ||     3
         Leda's Liquefacti |       |       |       |     2 ||     2
Ability: Breathe Acid      |       |       |     1 |     1 ||     2
  Evoke: Wand              |     4 |       |     3 |       ||     7
    Use: Potion            |     1 |     1 |     1 |       ||     3
         Scroll            |       |       |       |     3 ||     3
   Stab: Sleeping          |       |       |       |     1 ||     1
 Armour: Skin              |     2 |    10 |    52 |    84 ||   148
  Dodge: Dodged            |     2 |     5 |    35 |    54 ||    96
   Form: Flux              |       |     1 |       |     1 ||     2
                           |       |       |       |     1 ||     1

Table legend: (Time is in decaauts)
 A = Elapsed time spent in this place.
 B = Non-inter-level travel time spent in this place.
 C = Inter-level travel time spent in this place.
 D = Time resting spent in this place.
 E = Time spent auto-exploring this place.
 F = Levels seen in this place.
 G = Mean time per level.
                   A        B        C        D        E       F      G
               +--------+--------+--------+--------+--------+-----+--------+
         Total |   1628 |   1628 |      0 |    994 |      0 |   1 | 1628.0 |
       Dungeon |   1628 |   1628 |      0 |    994 |      0 |   1 | 1628.0 |
               +--------+--------+--------+--------+--------+-----+--------+

Top non-repeatable levels by time:
       D: 1628 daAuts
